 Dungeon Crawl Stone Soup version 0.21-a0-426-g98080a9 (webtiles) character file.

35423 GoodRolls the Arsonist (level 13, -4/78 HPs)
             Began as a Tengu Fire Elementalist on Nov 7, 2017.
             Was a High Priest of Vehumet.
             Slain by a vault guard
             ... wielding a +3 battleaxe of flaming
              (5 damage)
             ... on level 13 of the Dungeon.
             The game lasted 00:56:46 (20694 turns).

GoodRolls the Arsonist (Tengu Fire Elementalist)   Turns: 20694, Time: 00:56:48

Health: -4/78      AC:  8    Str:  9    XL:     13   Next: 83%
Magic:  3/23       EV: 18    Int: 19    God:    Vehumet [*****.]
Gold:   689        SH: 12    Dex: 18    Spells: 6/24 levels left

rFire    + . .     SeeInvis .   y - +2 short sword (holy)
rCold    . . .     Gourm    .   n - +0 buckler
rNeg     . . .     Faith    .   w - +3 leather armour {rPois}
rPois    +         Spirit   .   (helmet restricted)
rElec    .         Reflect  +   (no cloak)
rCorr    .         Harm     .   F - +0 pair of gloves
MR       .....                  (boots unavailable)
Stlth    ++........             h - +6 amulet of reflection
HPRegen  0.23/turn              m - ring of protection from fire
MPRegen  0.18/turn              z - +2 ring of intelligence

@: no status effects
A: beak, talons 3, able to fly 1
a: Fly, Renounce Religion


You were on level 13 of the Dungeon.
You worshipped Vehumet.
Vehumet was extremely pleased with you.
You were not hungry.

You visited 1 branch of the dungeon, and saw 13 of its levels.

You collected 897 gold pieces.
You spent 208 gold pieces at shops.

Inventory:

Hand Weapons
 y - a +2 short sword of holy wrath (weapon)
 K - the +9 heavy crossbow "Sniper" {velocity, Acc+∞ SInv}
   (You found it on level 13 of the Dungeon)

   Any bolt fired from it inflicts extra damage.
   It lets you see invisible.
Armour
 n - a +0 buckler (worn)
 w - a +3 leather armour of poison resistance (worn)
 F - a +0 pair of gloves (worn)
Jewellery
 h - a +6 amulet of reflection (around neck)
 m - a ring of protection from fire (left hand)
 z - a +2 ring of intelligence (right hand)
 N - an uncursed ring of ice {unknown}
Wands
 r - a wand of polymorph (16/24)
 t - a wand of disintegration (9/24)
 v - a wand of lightning (6/15)
 B - a wand of confusion (43/48)
 D - a wand of digging (14/24)
 E - a wand of confusion (12/48)
Scrolls
 e - 4 scrolls of teleportation
 j - 5 scrolls of amnesia
 k - 2 scrolls of fear
 s - 3 scrolls of fog
 x - 2 scrolls of enchant weapon
 G - 2 scrolls of magic mapping
Potions
 f - 4 potions of curing
 g - 6 potions of brilliance
 i - a potion of lignification
 l - 2 potions of agility
 q - 2 potions of mutation
 u - a potion of cancellation
 A - a potion of might
 J - a potion of invisibility {unknown}
Books
 p - a book of Minor Magic

   Spells                             Type                      Level
   a - Magic Dart                     Conjuration                  1
   b - Blink                          Translocation                2
   c - Call Imp                       Summoning                    2
   d - Slow                           Hexes                        2
   e - Conjure Flame                  Conjuration/Fire             3
   f - Mephitic Cloud                 Conjuration/Poison/Air       3
Comestibles
 a - 6 meat rations
 c - 3 bread rations
 d - 2 fruits
 o - 9 royal jellies


   Skills:
 - Level 8.2 Fighting
 + Level 10.7 Armour
 - Level 9.0 Dodging
 - Level 2.0 Stealth
 - Level 8.0 Shields
 - Level 6.1 Spellcasting
 - Level 12.0 Conjurations
 - Level 13.0 Fire Magic


You had 6 spell levels left.
You knew the following spells:

 Your Spells              Type           Power        Failure   Level  Hunger
a - Flame Tongue          Conj/Fire      #####        1%          1    None
b - Throw Flame           Conj/Fire      ######       1%          2    None
c - Conjure Flame         Conj/Fire      ######..     1%          3    ##.....
d - Inner Flame           Hex/Fire       ####....     1%          3    ##.....
e - Sticky Flame          Conj/Fire      ######..     1%          4    ####...
f - Fireball              Conj/Fire      ######....   1%          5    #####..


Dungeon Overview and Level Annotations

Branches:
Dungeon (13/15)            Temple (0/1) D:5            Lair (0/6) D:9
    Orc (0/2) D:11
 Vaults: D:13-14

Altars:
Ashenzari
Elyvilon
Hepliaklqana
Makhleb
Nemelex Xobeh
Uskayaw
Vehumet
Xom
Yredelemnul
Zin

Shops:
D:5 [   D:13 %

Annotations:
D:5 2 transporters


Innate Abilities, Weirdness & Mutations

You have a beak for a mouth.
You have claws for feet.
You can fly.


Message History

Aiming: Sticky Flame
Press: ? - help, Shift-Dir - straight line, f/p - vault guard
Aim: a vault guard, wielding a battleaxe of flaming and wearing a plate armour (heavily wounded)
The sticky flame hits the vault guard.
The vault guard appears unharmed.
The vault guard is heavily wounded.
The vault guard is covered in liquid flames!
The vault guard burns!
Unknown command.
The vault guard burns!
The vault guard burns!
The vault guard burns!
The vault guard burns!
The vault guard burns!
The vault guard stops burning.
Things that are here:
a wand of clouds (?/9); a wand of paralysis (?/24) a wand of polymorph (?/24) {zapped: 3} The vault guard hits you with a battleaxe of flaming!!
* * * LOW HITPOINT WARNING * * *
The vault guard burns you.
You die...

.........# #.#
.........# #.#
.........###########.#
.....................#
.........(..(.(.)....#
####..##############.#
#..# #.#
####..##############.#
......../......p@....#
.).....).......<.....#
####......(..........#
# #...).............#
# #...............}.#
####.............>...#
........./...........#
...................).#
########.###########.#


You could see a vault guard.

Vanquished Creatures
  An ogre mage (D:13)
  2 vault guards (D:13)
  2 hydras
  7 two-headed ogres
  A centaur warrior (D:13)
  A death knight (D:12)
  A skeletal warrior (D:12)
  5 unseen horrors
  Pikel (D:6)
  2 orc knights (D:13)
  4 ugly things
  2 cyclopes (D:13)
  An orc sorcerer (D:13)
  2 manticores
  A guardian serpent (D:12)
  3 centaur zombies
  A gargoyle (D:11)
  2 centaur skeletons (D:13)
  2 freezing wraiths (D:12)
  2 yaktaurs (D:13)
  3 kobold demonologists
  6 trolls
  Prince Ribbit (D:8)
  2 hippogriffs
  2 shadows
  A wyvern (D:11)
  A basilisk (D:12)
  A human (D:7)
  A wraith (D:13)
  14 yaks
  4 hogs (D:7)
  3 hungry ghosts
  A soldier ant (D:13)
  2 water moccasins
  Duvessa (D:4)
  2 porcupines (D:9)
  4 orc warriors
  2 slaves (D:6)
  6 ice beasts
  4 sky beasts
  2 black bears (D:8)
  4 ogres
  A necrophage (D:11)
  An eye of draining (D:12)
  4 centaurs
  3 crocodiles
  5 big kobolds
  8 bullfrogs
  Dowan (D:4)
  3 scorpions
  9 wights
  21 killer bees
  4 jellies
  4 electric eels (D:12)
  10 howler monkeys
  8 crimson imps
  A bullfrog zombie (D:8)
  A quasit (D:13)
  11 hounds
  12 orc priests
  3 iguanas
  Ijyb (D:4)
  6 worker ants
  19 orc wizards
  2 hound zombies
  A hound skeleton (D:5)
  2 worker ant zombies
  Robin (D:4)
  A howler monkey skeleton (D:4)
  3 gnolls
  12 adders
  2 river rats (D:6)
  A shadow imp (D:6)
  An adder skeleton (D:4)
  An adder zombie (D:9)
  3 worms (D:2)
  3 dart slugs
  6 leopard geckos
  83 orcs
  3 ball pythons
  7 bats
  6 giant cockroaches
  22 goblins
  6 hobgoblins
  9 jackals
  2 quokkas
  10 frilled lizards
  A jackal zombie (D:5)
  22 kobolds
  A quokka zombie (D:8)
  4 rats
461 creatures vanquished.

Vanquished Creatures (others)
  A centaur warrior (D:13)
  A howler monkey (D:6)
  An orc (D:11)
3 creatures vanquished.

Grand Total: 464 creatures vanquished

Notes
Turn   | Place    | Note
-------+----------+-------------------------------------------
     0 | D:1      | GoodRolls the Tengu Fire Elementalist began the quest for the Orb.
     0 | D:1      | Reached XP level 1. HP: 10/10 MP: 4/4
   356 | D:1      | Reached XP level 2. HP: 13/15 MP: 4/6
   399 | D:1      | Learned a level 2 spell: Throw Flame
   622 | D:1      | Reached XP level 3. HP: 15/19 MP: 4/7
   658 | D:1      | Learned a level 3 spell: Conjure Flame
   882 | D:2      | Found a glowing silver altar of Zin.
  1183 | D:2      | Reached skill level 5 in Conjurations
  1183 | D:2      | Reached XP level 4. HP: 15/24 MP: 3/8
  1540 | D:2      | Found a burning altar of Makhleb.
  1540 | D:2      | Found a shimmering altar of Xom.
  1542 | D:2      | Found a radiant altar of Vehumet.
  1584 | D:2      | Became a worshipper of Vehumet
  1947 | D:3      | Found a shattered altar of Ashenzari.
  2416 | D:3      | Gained mutation: You can fly. [Tengu growth]
  2416 | D:3      | Reached XP level 5. HP: 19/28 MP: 1/10
  2496 | D:3      | Learned a level 3 spell: Inner Flame
  2864 | D:4      | Reached * piety under Vehumet
  2864 | D:4      | Offered knowledge of Freeze by Vehumet.
  2921 | D:4      | Noticed Robin
  3099 | D:4      | Noticed Duvessa
  3101 | D:4      | Noticed Dowan
  3409 | D:4      | Reached XP level 6. HP: 17/32 MP: 6/13
  3487 | D:3      | Learned a level 4 spell: Sticky Flame
  3768 | D:4      | Killed Robin
  4317 | D:4      | Killed Duvessa
  4585 | D:4      | Killed Dowan
  4585 | D:4      | Reached skill level 4 in Fire Magic
  4585 | D:4      | Reached XP level 7. HP: 17/36 MP: 3/14
  5100 | D:4      | Found a hazy altar of Hepliaklqana.
  5100 | D:4      | Found a hide-covered altar of Uskayaw.
  5155 | D:4      | Noticed Ijyb
  5163 | D:4      | Killed Ijyb
  5163 | D:4      | Reached skill level 5 in Fire Magic
  5221 | D:5      | Entered Level 5 of the Dungeon
  5339 | D:5      | Reached skill level 6 in Fire Magic
  5843 | D:5      | Found Paff's Armour Emporium.
  5849 | D:5      | Reached skill level 1 in Shields
  5849 | D:5      | Reached XP level 8. HP: 37/41 MP: 9/15
  5877 | D:5      | Bought a +2 leather armour of poison resistance for 208 gold pieces
  6012 | D:5      | Offered knowledge of Searing Ray by Vehumet.
  6017 | D:5      | Reached ** piety under Vehumet
  6148 | D:5      | Reached skill level 1 in Armour
  6348 | D:5      | Found a transporter.
  6353 | D:5      | Found a transporter.
  6441 | D:5      | Found a staircase to the Ecumenical Temple.
  6869 | D:6      | Noticed Pikel
  6995 | D:6      | Killed Pikel
  6995 | D:6      | Reached XP level 9. HP: 45/45 MP: 2/16
  7111 | D:6      | Found a glowing drain.
  7193 | D:6      | Offered knowledge of Throw Frost by Vehumet.
  7395 | D:6      | Reached skill level 7 in Fire Magic
  7880 | D:7      | Reached *** piety under Vehumet
  7880 | D:7      | Reached skill level 5 in Armour
  8146 | D:7      | Reached skill level 1 in Fighting
  8513 | D:7      | Offered knowledge of Ignite Poison by Vehumet.
  8513 | D:7      | Reached skill level 5 in Shields
  8513 | D:7      | Reached XP level 10. HP: 28/56 MP: 1/17
  8813 | D:7      | Found a burning altar of Makhleb.
  8833 | D:7      | Noticed a balrug
  9061 | D:8      | Noticed a two-headed ogre
  9068 | D:8      | Killed a two-headed ogre
  9068 | D:8      | Reached skill level 10 in Conjurations
  9187 | D:8      | Noticed Prince Ribbit
  9191 | D:8      | Killed Prince Ribbit
  9400 | D:8      | Learned a level 5 spell: Fireball
  9420 | D:8      | Noticed a green ugly thing
  9721 | D:8      | Killed a green ugly thing
  9721 | D:8      | Reached skill level 5 in Spellcasting
 10153 | D:8      | Noticed an unseen horror
 10157 | D:8      | Killed an unseen horror
 10412 | D:8      | Reached XP level 11. HP: 34/61 MP: 16/20
 10580 | D:8      | Found a white marble altar of Elyvilon.
 10624 | D:8      | Noticed a two-headed ogre
 10643 | D:8      | Killed a two-headed ogre
 10643 | D:8      | Reached skill level 8 in Fire Magic
 10945 | D:8      | Found a basalt altar of Yredelemnul.
 11007 | D:8      | Reached **** piety under Vehumet
 11094 | D:9      | Offered knowledge of Venom Bolt by Vehumet.
 11111 | D:9      | Reached skill level 9 in Fire Magic
 11114 | D:9      | Noticed a two-headed ogre
 11761 | D:9      | Found a staircase to the Lair.
 11792 | D:9      | Killed a two-headed ogre
 11792 | D:9      | Reached skill level 10 in Fire Magic
 12534 | D:9      | Found a sparkling altar of Nemelex Xobeh.
 12664 | D:10     | Entered Level 10 of the Dungeon
 12907 | D:10     | Reached ***** piety under Vehumet
 13031 | D:10     | Offered knowledge of Airstrike by Vehumet.
 13562 | D:11     | Noticed a two-headed ogre
 13562 | D:11     | Noticed a green ugly thing
 13565 | D:11     | Noticed a two-headed ogre
 13618 | D:11     | Killed a two-headed ogre
 13618 | D:11     | Reached skill level 11 in Fire Magic
 13742 | D:11     | Reached XP level 12. HP: 21/67 MP: 12/21
 13960 | D:11     | Reached skill level 5 in Fighting
 14024 | D:11     | Killed a two-headed ogre
 14466 | D:11     | Found a shimmering altar of Xom.
 14507 | D:11     | Noticed a six-headed hydra
 14522 | D:11     | Killed a six-headed hydra
 15038 | D:11     | Found a staircase to the Orcish Mines.
 15497 | D:11     | Noticed a two-headed ogre
 15515 | D:11     | Killed a two-headed ogre
 15728 | D:12     | Noticed a death knight
 15942 | D:12     | Killed a death knight
 16207 | D:12     | Noticed a seven-headed hydra
 16223 | D:12     | Killed a seven-headed hydra
 16844 | D:12     | Identified the Catalogue of Companions
 16882 | D:12     | Reached skill level 12 in Fire Magic
 17003 | D:12     | Noticed a two-headed ogre
 17013 | D:12     | Killed a two-headed ogre
 17030 | D:12     | Reached XP level 13. HP: 66/74 MP: 12/23
 17686 | D:12     | Offered knowledge of Force Lance by Vehumet.
 18490 | D:13     | Found Diyjaq's Food Emporium.
 18697 | D:13     | Found the +9 heavy crossbow "Sniper" {velocity, Acc+∞ SInv}
 20106 | D:13     | Reached skill level 13 in Fire Magic
 20211 | D:13     | Noticed a vault guard
 20451 | D:13     | Noticed an ogre mage
 20455 | D:13     | Killed an ogre mage
 20455 | D:13     | Reached skill level 10 in Armour
 20471 | D:13     | Killed a vault guard
 20506 | D:13     | Noticed a vault guard
 20508 | D:13     | Noticed a vault guard
 20674 | D:13     | Killed a vault guard
 20694 | D:13     | HP: 1/78 [vault guard/battleaxe of flaming (22)]
 20694 | D:13     | Slain by a vault guard

Vault maps used:
D:1:      minmay_arrival_shattered_statue
D:2:      minitemple, kennysheep_another_room
D:3:      evilmike_ruin_ashenzari, serial_bayou_pond_b,
          kennysheep_generic_room_15
D:4:      gammafunk_temple_overflow_pools, first_bread, uniq_ijyb, uniq_duvessa,
          uniq_robin
D:5:      gammafunk_steamed_eel, minmay_temple_entry_trees, serial_shops,
          nicolae_shop_stone, moated_statue
D:6:      gup_sewer_entry_bowl, serial_park_tiny_1, uniq_pikel
D:7:      grunt_livestock, makhleb_altar_promises_db
D:8:      minmay_bloctagon, kennysheep_ying_yang, uniq_prince_ribbit1
D:9:      old_standard_altar, minmay_lair_entry_grove
D:11:     hiddenorc2_lemuel, basic_altar
D:12:     nrook_guardian_serpent_ordinary
D:13:     grunt_vaults_entry_fortified, serial_shops, shop

Skill      XL: |  1  2  3  4  5  6  7  8  9 10 11 12 13 |
---------------+----------------------------------------+-----
Conjurations   | 2 3 5 7 8 11 12 | 12.0
Spellcasting   | 3 4 5 6 |  6.1
Fire Magic     | 4 6 7 11 12 13 | 13.0
Dodging        | 3 6 7 8 9 |  9.0
Shields        | 1 3 5 6 8 |  8.0
Armour         | 4 5 7 8 10 | 10.7
Fighting       | 3 4 6 8 |  8.2
Stealth        | |  2.0

Action                   |  1- 3 |  4- 6 |  7- 9 | 10-12 | 13-15 || total
-------------------------+-------+-------+-------+-------+-------++-------
Melee: Unarmed           |    32 |    55 |   148 |       |       ||   235
       Kick              |     5 |    16 |    52 |   107 |    38 ||   218
       Peck              |     3 |    14 |    26 |    69 |    29 ||   141
       Short sword       |       |       |    31 |   350 |   143 ||   524
 Cast: Flame Tongue      |    54 |    83 |    73 |   153 |    75 ||   438
       Throw Flame       |     4 |    14 |     6 |    49 |    34 ||   107
       Conjure Flame     |       |     2 |     4 |     8 |     1 ||    15
       Sticky Flame      |       |     6 |    45 |   144 |    79 ||   274
       Inner Flame       |       |       |     4 |     1 |     1 ||     6
       Fireball          |       |       |       |     8 |     9 ||    17
Evoke: Wand              |       |       |     4 |       |       ||     4
  Use: Scroll            |     5 |       |    11 |     6 |     3 ||    25
       Potion            |       |     2 |       |     2 |     3 ||     7
 Stab: Sleeping          |       |       |     1 |       |       ||     1
  Eat: Chunk             |     2 |    11 |    18 |    41 |    10 ||    82
       Bread ration      |       |     1 |       |     2 |     3 ||     6
       Fruit             |       |       |     1 |     1 |       ||     2
       Meat ration       |       |       |       |     1 |     1 ||     2
Armor: Robe              |    12 |    27 |    14 |       |       ||    53
       Leather armour    |       |       |    30 |    60 |    36 ||   126
       Skin              |       |       |       |       |    20 ||    20
Dodge: Dodged            |    47 |    65 |   105 |   224 |   142 ||   583
Block: Buckler           |       |       |    58 |   290 |   161 ||   509
       Reflection        |       |       |     1 |     9 |    21 ||    31

Table legend:
 A = Spawn XP
 B = Non-spawn XP
 C = Spawn XP percentage of total XP
 D = Spawn monster count
 E = Non-spawn monster count
 F = Spawn count percentage of total count
 G = Total turns spent on level
                    A         B        C        D         E        F      G
               +---------+---------+-------+---------+---------+-------+---------
         Total |       0 |   50605 |   0.0 |       0 |     461 |   0.0 | 20694
               +---------+---------+-------+---------+---------+-------+---------
           D:1 |       0 |      38 |   0.0 |       0 |      24 |   0.0 |   892
           D:2 |       0 |      86 |   0.0 |       0 |      24 |   0.0 |  1086
           D:3 |       0 |     169 |   0.0 |       0 |      27 |   0.0 |  1897
           D:4 |       0 |     515 |   0.0 |       0 |      27 |   0.0 |  1515
           D:5 |       0 |    1126 |   0.0 |       0 |      33 |   0.0 |  1192
           D:6 |       0 |    1364 |   0.0 |       0 |      25 |   0.0 |  1134
           D:7 |       0 |    1710 |   0.0 |       0 |      23 |   0.0 |  1406
           D:8 |       0 |    6743 |   0.0 |       0 |      45 |   0.0 |  2546
           D:9 |       0 |    2728 |   0.0 |       0 |      39 |   0.0 |  1095
          D:10 |       0 |    2140 |   0.0 |       0 |      25 |   0.0 |   994
          D:11 |       0 |    8260 |   0.0 |       0 |      64 |   0.0 |  1840
          D:12 |       0 |    9601 |   0.0 |       0 |      42 |   0.0 |  2745
          D:13 |       0 |   16125 |   0.0 |       0 |      63 |   0.0 |  2352
               +---------+---------+-------+---------+---------+-------+---------
